 Dungeon Sprint DCSS version 0.27-a0-705-ga0013940fb (webtiles) character file.

Game seed: 10041893864054193280

58065 mhtbhm the Executioner (level 14, -20/155 HPs)
             Began as a Minotaur Fighter on Mar 22, 2021.
             Was the Champion of Trog.
             Demolished by Antaeus (25 damage)
             ... in the Dungeon (Sprint VII: "The Pits").
             The game lasted 00:15:17 (5827 turns).

mhtbhm the Executioner (Minotaur Fighter)           Turns: 5827, Time: 00:15:18

Health: -20/155    AC: 30    Str: 26    XL:     14   Next: 48%
Magic:  4/4        EV: 10    Int:  5    God:    Trog [******]
Gold:   40         SH: 17    Dex: 13    Spells: 13/13 levels left

rFire    + . .     SeeInvis .   a - +4 broad axe (antimagic)
rCold    + . .     Faith    .   c - +0 kite shield
rNeg     . . .     Spirit   .   b - +0 gold dragon scales
rPois    +         Reflect  .   (helmet restricted)
rElec    .         Harm     .   p - +0 cloak
rCorr    .         Rampage  .   j - +1 pair of gloves {archery}
Will     ++++.     NoTele   +   r - +1 pair of boots
Stlth    ..........             (no amulet)
HPRegen  1.35/turn              m - +3 ring of dexterity
MPRegen  0.09/turn              C - ring of willpower

@: regenerating
A: horns 2, retaliatory headbutt
a: Renounce Religion, Berserk, Trog's Hand, Brothers in Arms


You were in the Dungeon.
You worshipped Trog.
Trog was exalted by your worship.
You visited 1 branch You collected 40 gold pieces.

Inventory:

Hand Weapons
 a - a +4 antimagic broad axe (weapon)
 q - the +5 arbalest "Yloprur" {elec, +Fly rElec Will+}
   (You found it in the Dungeon)

   It charges the ammunition it shoots with electricity; occasionally upon a
   hit, such missiles may discharge and cause terrible harm.
   It insulates you from electricity.
   It affects your willpower, your defense against some magical effects.
   It lets you fly.
 H - a +6 vorpal war axe
Missiles
 s - 3 throwing nets
 D - 6 atropa-tipped darts (quivered)
Armour
 b - +0 gold dragon scales (worn)
 c - a +0 kite shield (worn)
 j - a +1 pair of gloves of archery (worn)
 p - a +0 cloak (worn)
 r - a +1 pair of boots (worn)
Jewellery
 m - a +3 ring of dexterity (right hand)
 o - a +3 ring of dexterity
 y - a ring of see invisible
 z - a ring of fire
 C - a ring of willpower (left hand)
Wands
 t - a wand of digging (6)
Scrolls
 l - 2 scrolls of summoning
 u - 3 scrolls of fear
 v - 2 scrolls of identify
 w - a scroll of fog
 x - 6 scrolls of enchant weapon
 A - a scroll of immolation
Potions
 d - 3 potions of might
 e - 3 potions of curing
 f - 2 potions of heal wounds
 g - a potion of haste
 h - 4 potions of magic
 i - 6 potions of berserk rage
 k - a potion of invisibility
 n - a potion of resistance
 B - 2 potions of mutation
Miscellaneous
 E - a lightning rod (4/4)
 F - a tin of tremorstones (2/2)
 G - a phial of floods


   Skills:
 + Level 22.8 Fighting
 + Level 24.4 Axes
 + Level 4.5 Throwing
 + Level 20.2 Armour
 + Level 9.2 Dodging
 - Level 1.4 Stealth
 + Level 21.4 Shields


You had 13 spell levels left.
You didn't know any spells.
Your spell library was empty.

Dungeon Overview and Level Annotations

Branches:
Dungeon (1/1)

Altars:
Cheibriados
Dithmenos
Elyvilon
Fedhas
Gozag
Hepliaklqana
Makhleb
Nemelex Xobeh
Okawaru
Qazlal
Ru
Sif Muna
Trog
Vehumet
Wu Jian
Xom
Yredelemnul
Zin
The Shining One
Beogh
Jiyva
Lugonu

Annotations:
D Antaeus


Innate Abilities, Weirdness & Mutations

You have a pair of horns on your head.
You reflexively headbutt those who attack you in melee.


Message History

Trog accepts your kill.
There is an open door, spattered with blood here.
Things that are here:
a +1 short sword of holy wrath; a +1 short sword of holy wrath; a +0 leather armour You start resting.
HP restored.
You open the door.
Antaeus, Guardian of Cocytus comes into view.
You slash Antaeus!
Antaeus's magic leaks into the air.
Antaeus is lightly wounded.
You slice Antaeus!!
Antaeus's magic leaks into the air.
Antaeus is lightly wounded.
Antaeus hits you!! Antaeus freezes you!! You resist.
You block Antaeus's attack.
You slice Antaeus!!
Antaeus's magic leaks into the air.
Your headbutt misses Antaeus.
Antaeus is lightly wounded.
You block Antaeus's attack. Antaeus hits you but does no damage.
You slice Antaeus!!
Antaeus's magic leaks into the air.
Antaeus is lightly wounded.
Unknown command.
Your cyclops goes berserk!
Antaeus hits you! Antaeus freezes you! You resist.
Antaeus hits you but does no damage.
Unknown command.
You feel much better. Antaeus gestures at you.
The bolt of lightning misses you.
Your cyclops hits Antaeus.
Your skin crawls.
You feel strong-willed. Antaeus hits you. Antaeus freezes you!! You resist.
Antaeus hits you but does no damage.
Your cyclops hits Antaeus!
You feel much better. Antaeus hits you!!!
* * * LOW HITPOINT WARNING * * *
Antaeus freezes you!! You resist.
* * * LOW HITPOINT WARNING * * *
Antaeus hits you!
* * * LOW HITPOINT WARNING * * *
Antaeus freezes you!! You resist.
You die...

#+#
#C#
#C#
#@#
#)#
#.#
#)#
##.##
#...#
+)))#
##)##
#)#


You could see Antaeus (ally target) and a friendly cyclops (summoned, berserk).

Vanquished Creatures
  A royal mummy (D)
  A golden dragon (D)
  2 pearl dragons (D)
  A deep elf blademaster (D)
  Aizul (D)
  2 ghost moths (D)
  An emperor scorpion (D)
  An orc warlord (D)
  A draconian stormcaller (D)
  A spriggan defender (D)
  2 vampire knights (D)
  A yellow draconian (D)
  An ettin (D)
  A green death (D)
  A yaktaur captain (D)
  Harold (D)
  A great orb of eyes (D)
  A rakshasa (D)
  2 vault guards (D)
  5 naga warriors (D)
  An anaconda (D)
  A death knight (D)
  A deep elf knight (D)
  A soul eater (D)
  A sun demon (D)
  A fire crab (D)
  An unseen horror (shapeshifter) (D)
  An unseen horror (D)
  A spriggan druid (D)
  A sea snake (D)
  A deep elf zephyrmancer (D)
  4 orc knights (D)
  A phantasmal warrior (D)
  A cyclops (D)
  A manticore (D)
  A moth of wrath (D)
  Maurice (D)
  A black mamba (D)
  An orange demon (D)
  A molten gargoyle (D)
  A yaktaur (D)
  A kobold demonologist (D)
  2 ice devils (D)
  A hellwing (D)
  A guardian mummy (D)
  A freezing wraith (D)
  A red devil (D)
  A troll (D)
  A polar bear (D)
  A hornet (D)
  4 dream sheep (D)
  An air elemental (D)
  A redback (D)
  A flying skull (D)
  A spriggan (D)
  A wyvern (D)
  A vampire (D)
  A golden eye (D)
  A basilisk (D)
  2 chaos spawn (D)
  4 vampire mosquitoes (D)
  A warg (D)
  3 acid dragons (D)
  3 water moccasins (D)
  5 floating eyes (D)
  3 black bears (D)
  3 orc warriors (D)
  An ogre (D)
  2 centaurs (D)
  A phantom (D)
  2 bullfrogs (D)
  4 killer bees (D)
  2 small abominations (D)
  A quasit (D)
  3 orc priests (D)
  A gnoll shaman (D)
  2 iguanas (D)
  3 orc wizards (D)
  A worker ant (D)
  2 hell rats (D)
  4 gnolls (D)
  3 worms (D)
  15 orcs (D)
  A removed leopard gecko (D)
  A ball python (D)
  A bat skeleton (D)
  3 giant cockroaches (D)
  A hobgoblin (D)
  A jackal zombie (D)
  A rat (D)
154 creatures vanquished.

Vanquished Creatures (collateral kills)
  A sphinx (D)
  2 orc warlords (D)
  A spriggan defender (D)
  A rakshasa (D)
  A boulder beetle (D)
  A catoblepas (D)
  7 orc knights (D)
  A chaos spawn (D)
  A swamp drake (D)
16 creatures vanquished.

Vanquished Creatures (others)
  A bat skeleton (D)
1 creature vanquished.

Grand Total: 171 creatures vanquished

Notes
Turn   | Place    | Note
-------+----------+-------------------------------------------
     0 | D        | mhtbhm the Minotaur Fighter began the quest for the Orb.
     0 | D        | Reached XP level 1. HP: 19/19 MP: 0/0
    11 | D        | Noticed a floating eye
    15 | D        | Paralysed by a floating eye for 4 turns
    20 | D        | Killed a floating eye
    21 | D        | Reached skill level 4 in Axes
    21 | D        | Reached XP level 2. HP: 31/31 MP: 1/1
    21 | D        | Reached XP level 3. HP: 38/38 MP: 2/2
    21 | D        | Reached XP level 4. HP: 45/45 MP: 3/3
    25 | D        | Found a bloodstained altar of Trog.
    25 | D        | Found a shimmering blue altar of Sif Muna.
    25 | D        | Found a viscous altar of Jiyva.
    25 | D        | Found a hazy altar of Hepliaklqana.
    25 | D        | Found an opulent altar of Gozag.
    26 | D        | Found a glowing golden altar of the Shining One.
    26 | D        | Found a glowing silver altar of Zin.
    26 | D        | Found a basalt altar of Yredelemnul.
    26 | D        | Found a shimmering altar of Xom.
    26 | D        | Found an ornate altar of the Wu Jian Council.
    26 | D        | Found a sacrificial altar of Ru.
    26 | D        | Found a stormy altar of Qazlal.
    26 | D        | Found an iron altar of Okawaru.
    26 | D        | Found a sparkling altar of Nemelex Xobeh.
    26 | D        | Found a burning altar of Makhleb.
    26 | D        | Found a blossoming altar of Fedhas.
    26 | D        | Found a white marble altar of Elyvilon.
    26 | D        | Found a shadowy altar of Dithmenos.
    26 | D        | Found a snail-covered altar of Cheibriados.
    28 | D        | Found a radiant altar of Vehumet.
    28 | D        | Found a corrupted altar of Lugonu.
    30 | D        | Became a worshipper of Trog the Wrathful
    80 | D        | Reached * piety under Trog
    97 | D        | Noticed a floating eye
    97 | D        | Noticed a bullfrog
   105 | D        | Paralysed by a floating eye for 3 turns
   108 | D        | Killed a floating eye
   108 | D        | Reached ** piety under Trog
   109 | D        | Reached skill level 6 in Axes
   109 | D        | Reached XP level 5. HP: 47/53 MP: 4/4
   111 | D        | Reached XP level 6. HP: 55/61 MP: 5/5
   181 | D        | Noticed a floating eye
   189 | D        | Killed a floating eye
   190 | D        | Reached skill level 7 in Axes
   198 | D        | Noticed a water moccasin
   207 | D        | Reached *** piety under Trog
   208 | D        | Reached skill level 10 in Armour
   211 | D        | Reached skill level 8 in Axes
   214 | D        | Killed a water moccasin
   215 | D        | Reached skill level 1 in Dodging
   215 | D        | Reached XP level 7. HP: 48/70 MP: 6/6
   219 | D        | Reached **** piety under Trog
   220 | D        | Reached skill level 9 in Axes
   226 | D        | Reached skill level 10 in Shields
   384 | D        | Noticed a redback
   390 | D        | Killed a redback
   390 | D        | Reached ***** piety under Trog
   391 | D        | Reached skill level 10 in Fighting
   391 | D        | Reached skill level 10 in Axes
   659 | D        | Reached skill level 11 in Axes
   665 | D        | Reached XP level 8. HP: 80/80 MP: 7/7
   773 | D        | Noticed a deep elf zephyrmancer
   806 | D        | Killed a deep elf zephyrmancer
   806 | D        | Received a gift from Trog
   807 | D        | Reached skill level 12 in Axes
  1010 | D        | Noticed a molten gargoyle
  1018 | D        | Killed a molten gargoyle
  1019 | D        | Reached skill level 13 in Axes
  1019 | D        | Reached XP level 9. HP: 46/89 MP: 8/8
  1203 | D        | Noticed an anaconda
  1203 | D        | Noticed an orc knight
  1211 | D        | Reached ****** piety under Trog
  1212 | D        | Received a gift from Trog
  1216 | D        | Killed an orc knight
  1217 | D        | Reached skill level 14 in Axes
  1221 | D        | Killed an anaconda
  1354 | D        | Noticed a boulder beetle
  1377 | D        | Killed a boulder beetle
  1378 | D        | Reached skill level 15 in Axes
  1552 | D        | Noticed Harold
  1559 | D        | Received a gift from Trog
  1560 | D        | Reached XP level 10. HP: 99/99 MP: 9/9
  1564 | D        | Killed Harold
  1565 | D        | Reached skill level 16 in Axes
  1707 | D        | Received a gift from Trog
  1788 | D        | Noticed an orange demon
  1799 | D        | Identified the +5 battleaxe "Idwosota" {flame, rF- rN+
                  | Will++} (Trog gifted it to you in the Dungeon)
  1799 | D        | Received a gift from Trog
  1800 | D        | Reached skill level 5 in Dodging
  1806 | D        | Killed an orange demon
  1869 | D        | Noticed a sea snake
  1869 | D        | Noticed a black mamba
  1877 | D        | Killed an unseen horror
  1878 | D        | Reached skill level 17 in Axes
  1879 | D        | Killed a sea snake
  1882 | D        | Received a gift from Trog
  1883 | D        | Reached skill level 15 in Shields
  1889 | D        | Reached skill level 1 in Stealth
  1889 | D        | Paralysed by a floating eye for 4 turns
  1896 | D        | Paralysed by a floating eye for 4 turns
  1901 | D        | Upgraded the game from 0.27-a0-695-gb4952372f7 to
                  | 0.27-a0-705-ga0013940fb
  1910 | D        | Killed a black mamba
  1910 | D        | Received a gift from Trog
  1918 | D        | Reached XP level 11. HP: 33/108 MP: 3/10
  2210 | D        | Noticed a sixfirhy
  2214 | D        | Received a gift from Trog
  2451 | D        | Reached skill level 18 in Axes
  2467 | D        | Noticed Maurice
  2476 | D        | Killed Maurice
  2582 | D        | Received a gift from Trog
  2591 | D        | Reached skill level 15 in Armour
  2611 | D        | Noticed a vampire knight
  2616 | D        | Paralysed by a floating eye for 3 turns
  2621 | D        | Noticed a rakshasa
  2637 | D        | Killed a vampire knight
  2637 | D        | Received a gift from Trog
  2644 | D        | Killed a rakshasa
  2645 | D        | Reached skill level 15 in Fighting
  2645 | D        | Reached skill level 19 in Axes
  3032 | D        | Noticed a spriggan druid
  3032 | D        | Noticed a sphinx
  3032 | D        | Noticed a spriggan defender
  3032 | D        | Noticed a rakshasa
  3044 | D        | Killed a spriggan defender
  3044 | D        | Received a gift from Trog
  3047 | D        | Killed a spriggan druid
  3061 | D        | Killed a sphinx
  3070 | D        | Killed a rakshasa
  3071 | D        | Reached skill level 20 in Axes
  3071 | D        | Reached XP level 12. HP: 56/122 MP: 3/11
  3338 | D        | Killed a ghost moth
  3389 | D        | Noticed a golden dragon
  3402 | D        | Killed a golden dragon
  3402 | D        | Received a gift from Trog
  3403 | D        | Reached skill level 1 in Throwing
  3584 | D        | Noticed a pearl dragon
  3595 | D        | Killed a pearl dragon
  3596 | D        | Reached skill level 21 in Axes
  3762 | D        | Noticed a yellow draconian stormcaller
  3768 | D        | Killed a yellow draconian stormcaller
  3840 | D        | Noticed a catoblepas
  3841 | D        | Noticed an orc warlord
  3841 | D        | Noticed an orc warlord
  3841 | D        | Noticed a spriggan defender
  3843 | D        | Killed a catoblepas
  3854 | D        | Killed a spriggan defender
  3857 | D        | Received a gift from Trog
  3858 | D        | Killed an orc warlord
  3858 | D        | Killed an orc warlord
  3859 | D        | Reached XP level 13. HP: 52/136 MP: 4/12
  4140 | D        | Killed a ghost moth
  4146 | D        | Received a gift from Trog
  4384 | D        | Noticed Aizul
  4388 | D        | Reached skill level 22 in Axes
  4408 | D        | Killed Aizul
  4408 | D        | Identified the +0 hand axe of Avelemi {vorpal, +Rage Will-
                  | Str+2 Dex+6} (Trog gifted it to you in the Dungeon)
  4408 | D        | Received a gift from Trog
  4643 | D        | Got the +5 arbalest "Yloprur" {elec, +Fly rElec Will+}
  4744 | D        | Noticed a pearl dragon
  4754 | D        | Killed a pearl dragon
  4914 | D        | Noticed a yellow draconian
  4921 | D        | Killed a yellow draconian
  5053 | D        | Received a gift from Trog
  5076 | D        | Reached skill level 23 in Axes
  5097 | D        | Received a gift from Trog
  5102 | D        | Identified the +5 trident of Mourning {vorpal, +Fly rF+ rN+
                  | Will-}
  5102 | D        | Noticed a vampire knight
  5106 | D        | Killed a vampire knight
  5109 | D        | Paralysed by a great orb of eyes for 5 turns
  5131 | D        | Reached XP level 14. HP: 96/151 MP: 4/13
  5146 | D        | Noticed an emperor scorpion
  5156 | D        | Killed an emperor scorpion
  5313 | D        | Received a gift from Trog
  5336 | D        | Received a gift from Trog
  5500 | D        | Noticed an orc warlord
  5511 | D        | Killed an orc warlord
  5589 | D        | Noticed a royal mummy
  5601 | D        | Killed a royal mummy
  5601 | D        | Received a gift from Trog
  5602 | D        | Reached skill level 24 in Axes
  5659 | D        | Noticed a deep elf blademaster
  5677 | D        | Killed a deep elf blademaster
  5819 | D        | Noticed Antaeus
  5827 | D        | HP: 5/155 [Antaeus (15)]
  5827 | D        | Demolished by Antaeus

Illustrated notes

Levels and vault maps discovered:
D:        pitsprint [storerooms_1, entrance_room_1, metal_vault_3, armoury_2,
          mini_pit_1, grid_room_1, main_hall_1, silver_pit, the_coven_1,
          the_vestibule_1, steel_vault_5, golden_pit, hallway_of_sentries,
          crystal_vault_1, iron_vault_2, final_vault]

Skill      XL: |  1  2  3  4  5  6  7  8  9 10 11 12 13 14 |
---------------+-------------------------------------------+-----
Fighting       | 6 7 8 9 10 11 12 13 16 18 21 22 | 22.8
Axes           | 4 6 8 11 13 15 17 20 21 23 24 | 24.4
Armour         | 6 8 9 10 11 12 13 14 15 17 19 20 | 20.2
Shields        | 6 8 9 10 11 13 15 16 18 20 21 | 21.4
Dodging        | 1 2 3 4 5 6 8 9 |  9.2
Stealth        | 1 |  1.4
Throwing       | 3 4 |  4.5

Action                   |  1- 3 |  4- 6 |  7- 9 | 10-12 | 13-15 || total
-------------------------+-------+-------+-------+-------+-------++-------
Melee: War axe           |     5 |       |       |       |       ||     5
       Hand axe          |       |    35 |    64 |       |       ||    99
       Headbutt          |       |     5 |    23 |    50 |    58 ||   136
       Broad axe         |       |       |    35 |   178 |   208 ||   421
Throw: Throwing net      |       |       |       |     3 |     3 ||     6
Invok: Berserk           |       |       |     3 |     9 |     7 ||    19
       Brothers in Arms  |       |       |     1 |     4 |     1 ||     6
       Trog's Hand       |       |       |       |     1 |     1 ||     2
  Use: Potion            |       |       |     1 |    13 |     2 ||    16
       Scroll            |       |       |       |     1 |       ||     1
 Stab: Invisible         |       |       |       |     4 |       ||     4
       Distracted        |       |       |       |       |     1 ||     1
Armor: Scale mail        |       |    10 |       |       |       ||    10
       Chain mail        |       |    20 |    44 |    88 |       ||   152
       Gold dragon scale |       |       |       |    13 |    63 ||    76
Dodge: Dodged            |       |    15 |    29 |    66 |    35 ||   145
Block: Kite shield       |       |    21 |    65 |   148 |   112 ||   346

Table legend: (Time is in decaauts)
 A = Elapsed time spent in this place.
 B = Non-inter-level travel time spent in this place.
 C = Inter-level travel time spent in this place.
 D = Time resting spent in this place.
 E = Time spent auto-exploring this place.
 F = Levels seen in this place.
 G = Mean time per level.
                   A        B        C        D        E       F      G
               +--------+--------+--------+--------+--------+-----+--------+
         Total |   5872 |   5872 |      0 |   3733 |     34 |   1 | 5872.0 |
       Dungeon |   5872 |   5872 |      0 |   3733 |     34 |   1 | 5872.0 |
               +--------+--------+--------+--------+--------+-----+--------+

Top non-repeatable levels by time:
       D: 5872 daAuts
